 Dungeon Crawl Stone Soup version 0.21.0-25-ge575cb9 (webtiles) character file.

618865 komo4ek the Eclecticist (level 26, -1/248 HPs)
             Began as a Deep Dwarf Necromancer on Jan 23, 2018.
             Was the Champion of Makhleb.
             Slain by an Orb Guardian (61 damage)
             ... on level 5 of the Realm of Zot.
             The game lasted 09:45:17 (94029 turns).

komo4ek the Eclecticist (Deep Dwarf Necromancer)   Turns: 94029, Time: 09:45:17

Health: -1/248     AC: 17    Str: 10    XL:     26   Next: 97%
Magic:  5/39       EV: 22    Int: 25    God:    Makhleb [******]
Gold:   2916       SH:  0    Dex: 10    Spells: 6/66 levels left

rFire    + + +     SeeInvis +   L - staff of death
rCold    + + .     Gourm    .   (no shield)
rNeg     + + +     Faith    .   r - +5 robe of Night {Dark MR+ SInv}
rPois    +         Spirit   .   J - -2 hat of the Alchemist {rElec rPois rF+ rC+ rN+ MR+ rMut rCorr}
rElec    +         Reflect  .   k - +2 cloak {MR+}
rCorr    +         Harm     .   q - +2 pair of gloves
rMut     +                      z - +1 pair of boots {Stlth+}
MR       +++++                  v - amulet of magic regeneration
Stlth    ++........             t - ring "Nupleb" {rCorr rElec rF+++ Str-5 Dex-3}
HPRegen  0.00/turn              x - ring "Kiruh" {*Contam rC+ rN+ SInv Stlth-}
MPRegen  0.51/turn

@: non-regenerating
A: damage resistance, heal wounds, negative energy resistance 1, sense
surroundings 3, no regeneration
}: 3/15 runes: serpentine, barnacled, silver
a: Heal Wounds, Minor Destruction, Lesser Servant of Makhleb, Major Destruction,
Greater Servant of Makhleb, Renounce Religion


You were on level 5 of the Realm of Zot.
You worshipped Makhleb.
Makhleb was exalted by your worship.
You were completely stuffed.

You visited 10 branches of the dungeon, and saw 50 of its levels.
You also visited: Ice Cave.

You collected 7985 gold pieces.
You spent 5069 gold pieces at shops.

Inventory:

Hand Weapons
 b - the +10 quarterstaff of the Sybil {crush, rPois Str-5 Int+6 Stlth+}
   (You bought it in a shop on level 1 of the Snake Pit)

   It inflicts extra damage upon your enemies.
   It affects your strength (-5).
   It affects your intelligence (+6).
   It protects you from poison.
   It makes you more stealthy.
Armour
 k - a +2 cloak of magic resistance (worn)
 q - a +2 pair of gloves (worn)
 r - the +5 robe of Night (worn) {Dark MR+ SInv}
   (You took it off a boggart on level 2 of the Depths)

   It affects your resistance to hostile enchantments.
   It lets you see invisible.
 z - a +1 pair of boots of stealth (worn)
 J - the -2 hat of the Alchemist (worn) {rElec rPois rF+ rC+ rN+ MR+ rMut rCorr}
   (You bought it in a shop on level 2 of the Orcish Mines)

   It protects you from fire.
   It protects you from cold.
   It insulates you from electricity.
   It protects you from poison.
   It protects you from negative energy.
   It affects your resistance to hostile enchantments.
   It protects you from acid and corrosion.
   It protects you from mutation.
Magical Staves
 L - an uncursed staff of death (weapon)
Jewellery
 t - the ring "Nupleb" (left hand) {rCorr rElec rF+++ Str-5 Dex-3}
   (You bought it in a shop on level 2 of the Orcish Mines)

   [ring of resist corrosion]

   It affects your strength (-5).
   It affects your dexterity (-3).
   It renders you almost immune to fire.
   It insulates you from electricity.
 v - an amulet of magic regeneration (around neck)
 x - the ring "Kiruh" (right hand) {*Contam rC+ rN+ SInv Stlth-}
   (You bought it in a shop on level 2 of the Vaults)

   [ring of loudness]

   It protects you from cold.
   It protects you from negative energy.
   It lets you see invisible.
   It causes magical contamination when unequipped.
   It makes you less stealthy.
 A - a +5 ring of strength {unknown}
 F - a +4 amulet of reflection {unknown}
 I - an uncursed ring of positive energy {unknown}
Wands
 G - a wand of digging (35)
 H - a wand of disintegration (15)
 N - a wand of acid (24)
Scrolls
 a - a scroll of holy word
 d - 6 scrolls of amnesia
 h - 12 scrolls of enchant weapon
 i - 12 scrolls of teleportation
 l - a scroll of blinking
 m - 4 scrolls of brand weapon
 w - 13 scrolls of remove curse
 y - 4 scrolls of summoning
 E - 7 scrolls of identify
 K - 5 scrolls of fog
 M - 2 scrolls of fear
 O - 6 scrolls of enchant armour
 X - a scroll of silence
Potions
 e - 7 potions of mutation
 f - 4 potions of haste
 g - 3 potions of might
 j - 8 potions of flight
 n - 13 potions of lignification
 o - 3 potions of brilliance
 p - 4 potions of curing
 B - a potion of berserk rage
 D - 4 potions of invisibility
 R - 3 potions of ambrosia
 T - 2 potions of cancellation
 W - 6 potions of agility
 Z - 2 potions of resistance
Books
 u - a book of Beasts

   Spells                             Type                      Level
   a - Summon Butterflies             Summoning                    1
   b - Call Canine Familiar           Summoning                    3
   c - Summon Ice Beast               Ice/Summoning                4
   d - Summon Mana Viper              Hexes/Summoning              5
   e - Summon Hydra                   Summoning                    7
Miscellaneous
 s - a phial of floods
 C - 6 sacks of spiders
 P - 3 phantom mirrors
Comestibles
 c - 25 rations


   Skills:
 + Level 16.9 Fighting
 + Level 20.2 Armour
 + Level 20.5 Dodging
 - Level 2.4 Stealth
 + Level 20.5 Spellcasting
 + Level 16.1 Conjurations
 - Level 15.0 Necromancy
 - Level 4.0 Translocations
 - Level 15.5 Earth Magic
 - Level 4.0 Poison Magic
 - Level 15.0 Invocations


You had 6 spell levels left.
You knew the following spells:

 Your Spells              Type           Power        Failure   Level  Hunger
a - Pain                  Necr           ####         0%          1    None
b - Animate Skeleton      Necr           N/A          0%          1    None
c - Vampiric Draining     Necr           ########..   0%          3    None
d - Animate Dead          Necr           N/A          1%          4    None
e - Borgnjor's Vile Clut  Necr/Erth      ########..   1%          5    None
f - Fulminant Prism       Conj/Hex       ######....   1%          4    None
g - Blink                 Tloc           N/A          1%          2    None
h - Petrify               Tmut/Erth      ######..     1%          4    None
i - Death Channel         Necr           ########..   1%          6    ##.....
j - Bolt of Magma         Conj/Fire/Erth ######....   1%          5    None
k - Olgreb's Toxic Radia  Pois           #####...     3%          4    None
l - Irradiate             Conj/Tmut      ######....   1%          5    None
m - Simulacrum            Ice/Necr       #######...   12%         6    ##.....
n - Ignite Poison         Fire/Tmut/Pois ####....     2%          3    None
o - Passage of Golubria   Tloc           N/A          3%          4    None
p - Spectral Weapon       Hex/Chrm       ####....     4%          3    None


Dungeon Overview and Level Annotations

Branches:
Dungeon (15/15)            Temple (1/1) D:5            Lair (6/6) D:9
 Shoals (4/4) Lair:2        Snake (4/4) Lair:2        Slime (0/5) Lair:6
    Orc (2/2) D:9             Elf (3/3) Orc:2        Vaults (5/5) D:13
  Crypt (0/3) Vaults:3     Depths (5/5) D:15            Zot (5/5) Depths:5

Altars:
Ashenzari
Cheibriados
Dithmenos
Elyvilon
Fedhas
Gozag
Hepliaklqana
Kikubaaqudgha
Makhleb
Nemelex Xobeh
Okawaru
Qazlal
Ru
Sif Muna
Trog
Uskayaw
Vehumet
Wu Jian
Xom
Yredelemnul
Zin
The Shining One

Shops:
Orc:2 =*[(   Snake:1 :(!!   Snake:3 *   Vaults:2 =   Vaults:3 (*(
Vaults:5 }??!   Depths:4 =

Portals:
Hell: Depths:1 Depths:2 Depths:3 Depths:4 Depths:5
Abyss: Depths:1 Depths:3 Depths:4
Pandemonium: Depths:1 Depths:3 Depths:4
Ziggurat: Depths:5
Trove: Vaults:2 (give +7 demon whip)

Annotations:
D:6 Amaterasu's ghost, novice DDFi
D:12 ScottishVillain's ghost, journeyman DsWn
D:14 2 transporters
Snake:2 Vashnia
Snake:4 p0werm0de's ghost, adept DsWz
Depths:3 1 runed door


Innate Abilities, Weirdness & Mutations

You are resistant to damage.
You can heal yourself by infusing magical energy.
You resist negative energy. (rN+)
You passively map a large area around you.
You do not regenerate.


Message History

Confirm with . or Enter, or press ? or * to list all spells.
Aiming: Bolt of Magma
Press: ? - help, Shift-Dir - straight line, f/p - Orb Guardian
Aim: an Orb Guardian (almost dead, berserk, fast, unusually strong)
The bolt of magma hits the Orb Guardian.
The Orb Guardian is almost dead.
The Orb Guardian hits you!!
* * * LOW HITPOINT WARNING * * *
The Orb Guardian hits you!
* * * LOW HITPOINT WARNING * * *
Casting: Bolt of Magma
Confirm with . or Enter, or press ? or * to list all spells.
You don't have enough magic to cast that spell.
Press: ? - help, Shift-Dir - straight line, f/p - Orb Guardian
Aim: an Orb Guardian (almost dead, berserk, fast, unusually strong)
Okay, then.
You feel much better. The Orb Guardian hits you!!!
* * * LOW HITPOINT WARNING * * *
The Orb Guardian hits you!!!
You die...

,,, * , ,, , , , , * ,, , ,, ,, ,
, , ,, , , * ......... , ..^....
, ,, * ....., , ** , , ,, ... , *
* * * #X#### ▓#### #@##.####
##...# ####### #.##....# #.##..
#.....#### #....##.#####.##.#
.8...8...## #....##.......##.#
..........######....##.......##.#
...⌠...8............###......##.#
.................^..# #..........
.8...8..............# #......##.#
#...................###......##.#


You could see an Orb Guardian (berserk).

Vanquished Creatures
  2 juggernauts
  Sojobo (Depths:1)
  Bai Suzhen (Vaults:3)
  5 caustic shrikes
  5 Killer Klowns
  A curse toe (Zot:4)
  Nikola (Snake:2)
  Jory (Vaults:3)
  10 golden dragons
  the Enchantress (Depths:3)
  Jorgrun (Shoals:4)
  A Tzitzimitl (Depths:2)
  4 liches
  Rupert (D:13)
  17 tentacled monstrosities
  2 Orb Guardians (Zot:5)
  Asterion (Snake:4)
  4 titans
  2 deep elf blademasters (Elf:3)
  9 quicksilver dragons
  5 death cobs
  Gastronok (D:10)
  A deep elf master archer (Elf:3)
  6 sphinxes
  8 shadow dragons
  Donald (Snake:4)
  9 tengu reavers
  Roxanne (D:15)
  13 storm dragons
  Ilsuiw (Shoals:4)
  10 nagarajas
  7 fire giants
  5 draconian monks
  4 draconian knights
  8 deep elf sorcerers
  5 iron dragons
  3 orc warlords
  5 frost giants
  2 draconian scorchers
  19 vault wardens
  Louise (Depths:4)
  Aizul (Depths:1)
  5 ghost moths
  2 draconian shifters
  6 deep elf elementalists
  A draconian stormcaller (Zot:1)
  2 war gargoyles (Vaults:5)
  5 spriggan defenders
  19 ironheart preservers
  18 stone giants
  5 draconian annihilators
  24 very ugly things
  4 deep elf demonologists
  8 vampire knights
  10 green draconians
  14 white draconians
  10 deep elf annihilators
  10 red draconians
  8 black draconians
  Azrael (Snake:2)
  9 purple draconians
  3 spark wasps (Depths:5)
  8 merfolk javelineers
  4 deep elf death magi
  9 yellow draconians
  3 merfolk impalers
  15 yaktaur captains
  7 deep elf high priests
  9 great orbs of eyes
  10 fire dragons
  13 ettins
  5 ice dragons
  7 spriggan air magi
  34 vault guards
  9 rakshasas
  A juggernaut simulacrum (Depths:3)
  Erolcha (Orc:2)
  2 catoblepae (Lair:6)
  3 hydras
  An anaconda (shapeshifter) (Elf:2)
  A death knight (Vaults:4)
  17 naga warriors
  11 anacondas
  A satyr (shapeshifter) (Depths:3)
  4 merfolk avatars
  29 dancing weapons
  9 centaur warriors
  5 tengu warriors
  A satyr (Shoals:3)
  11 deep troll shamans
  7 merfolk aquamancers
  14 death yaks
  25 two-headed ogres
  A vampire mage (Depths:2)
  10 deep troll earth magi
  14 naga sharpshooters
  A shock serpent (shapeshifter) (Depths:1)
  7 shock serpents
  3 orc high priests (Orc:2)
  7 spriggan berserkers
  11 ogre magi
  A titan skeleton (Depths:3)
  24 deep elf knights
  A sun demon (Depths:4)
  3 iron trolls
  8 hell knights
  4 spriggans (Depths:3)
  3 shadow wraiths
  6 salamander mystics
  A skeletal warrior (Vaults:4)
  3 flayed ghosts
  2 unseen horrors (shapeshifter)
  An unseen horror (D:10)
  A deep troll (shapeshifter) (D:13)
  2 death drakes (Depths:5)
  6 sea snakes
  3 shadow demons (Depths:2)
  14 ironbrand convokers
  A storm dragon skeleton (Depths:3)
  35 deep trolls
  2 naga ritualists
  A glowing orange brain (shapeshifter) (Depths:2)
  6 glowing orange brains
  15 deep elf archers
  7 necromancers
  An orb spider (shapeshifter) (Depths:2)
  22 orc knights
  5 wizards
  3 phantasmal warriors (Vaults:5)
  6 lindwurms
  49 deep elf magi
  Pikel (D:7)
  30 harpies
  11 oklob plants (Zot:1)
  9 mana vipers
  A stone giant zombie (Depths:2)
  6 spiny frogs
  46 ugly things
  17 manticores
  4 wolf spiders
  8 orc sorcerers
  9 fauns
  2 salamanders (shapeshifter)
  6 elephants
  A human zombie (Vaults:2)
  19 salamanders
  9 cyclopes
  17 moths of wrath
  A stone giant skeleton (Depths:2)
  37 black mambas
  10 merfolk sirens
  A spriggan zombie (Depths:2)
  2 black mambas (shapeshifter)
  2 water nymphs (shapeshifter)
  4 water nymphs
  12 vault sentinels
  29 naga magi
  7 guardian serpents
  A spiny frog (shapeshifter) (Vaults:3)
  A torpor snail (Lair:4)
  2 gargoyles
  4 komodo dragons
  6 freezing wraiths
  An efreet (D:15)
  A tormentor (Depths:4)
  2 rime drakes (Lair:6)
  2 ice devils (Lair:6)
  62 yaktaurs
  11 trolls
  3 tengu conjurers (Depths:3)
  7 hornets
  3 meliai (Lair:5)
  A queen bee (Lair:5)
  32 merfolk
  6 wind drakes
  A jumping spider (shapeshifter) (Depths:3)
  A wolf spider simulacrum (D:15)
  A queen bee (shapeshifter) (Elf:2)
  A meliai (shapeshifter) (Vaults:5)
  4 blink frogs (Lair:3)
  4 dream sheep (Lair:5)
  16 slime creatures
  A raiju (shapeshifter) (Vaults:5)
  A dream sheep (shapeshifter) (Vaults:1)
  13 hippogriffs
  6 snapping turtles
  An ettin zombie (Vaults:2)
  A snapping turtle (shapeshifter) (Vaults:5)
  A frost giant simulacrum (Depths:2)
  A meliai zombie (D:14)
  7 shadows (Depths:2)
  A stone giant simulacrum (Vaults:1)
  A centaur simulacrum (D:14)
  25 yaks
  A vampire (D:15)
  22 water elementals
  A wraith (D:15)
  11 air elementals
  5 fire elementals
  5 wyverns
  A hog (shapeshifter) (Vaults:2)
  4 fire bats (D:11)
  A steam dragon (Lair:1)
  Grum (D:8)
  4 basilisks
  A chaos spawn (Depths:4)
  7 wargs
  30 nagas
  2 acid dragons
  A soldier ant (shapeshifter) (Depths:5)
  19 soldier ants
  A floating eye (Depths:3)
  12 porcupines
  17 water moccasins
  3 hell hounds
  3 black bears
  74 orc warriors
  4 swamp drakes (Depths:5)
  An ice beast (shapeshifter) (Vaults:5)
  10 ice beasts
  A sky beast (D:6)
  An ettin simulacrum (Vaults:2)
  An eye of draining (shapeshifter) (Vaults:2)
  2 eyes of draining
  An elf zombie (Vaults:2)
  22 ogres
  2 phantoms
  22 wolves
  8 boggarts
  13 crocodiles
  24 centaurs
  4 big kobolds
  24 bullfrogs
  3 earth elementals
  A wyvern zombie (D:12)
  Blork the orc (D:5)
  2 scorpions
  A water moccasin skeleton (D:9)
  7 wights
  13 killer bees
  6 howler monkeys
  2 electric eels
  9 crimson imps
  2 quasits
  8 jellies
  35 orc priests
  Crazy Yiuf (D:5)
  4 bullfrog skeletons
  A gnoll shaman (D:7)
  5 centaur skeletons
  10 hounds
  45 orc wizards
  2 iron imps
  4 iguanas
  26 worker ants
  2 killer bee zombies
  A hound zombie (D:6)
  2 howler monkey zombies
  2 worker ant zombies
  17 adders
  15 gnolls
  5 shadow imps
  A white imp (Depths:4)
  3 ufetubi (Depths:4)
  An ooze (D:1)
  An adder zombie (D:8)
  An adder skeleton (D:8)
  2 worms (D:3)
  5 dart slugs
  3 leopard geckos
  141 orcs
  5 bats
  9 giant cockroaches
  9 hobgoblins
  11 jackals
  5 quokkas
  5 ball pythons
  3 frilled lizards
  10 goblins
  22 kobolds
  11 rats
  34 bushes (Zot:1)
  A crawling corpse (Elf:3)
  28 fungi (Zot:1)
  60 plants
2418 creatures vanquished.

Vanquished Creatures (collateral kills)
  Saint Roka (Snake:4)
  Frances (D:13)
  A death cob (Zot:3)
  2 storm dragons (Zot:3)
  A fire giant (Vaults:5)
  An iron dragon (Vaults:5)
  A draconian shifter (Zot:3)
  An ironheart preserver (Vaults:4)
  3 very ugly things (Depths:1)
  2 entropy weavers (Lair:4)
  A yaktaur captain (Vaults:2)
  A deep elf high priest (Vaults:5)
  A vault guard (Vaults:5)
  A catoblepas (Lair:6)
  The ghost of Bazinga the Arsonist, a journeyman DEFE of Vehumet (Orc:2)
  A merfolk avatar (Shoals:2)
  A death knight (D:15)
  A satyr (Shoals:4)
  A merfolk aquamancer (Shoals:4)
  A two-headed ogre (Vaults:5)
  A queen ant (Lair:4)
  A shock serpent (Snake:1)
  2 naga sharpshooters
  2 deep elf knights
  An unseen horror (D:15)
  A deep troll (Depths:1)
  An ironbrand convoker (Vaults:3)
  A flayed ghost (Vaults:3)
  A naga ritualist (Snake:1)
  A lindwurm (Snake:4)
  A harpy (Vaults:2)
  2 mana vipers (Snake:1)
  A deep elf mage (Elf:1)
  A water nymph (Shoals:2)
  2 elephants (Lair:6)
  2 black mambas (Snake:4)
  A merfolk siren (Shoals:4)
  A guardian serpent (Snake:4)
  2 freezing wraiths (D:15)
  A yaktaur (Vaults:3)
  A troll (Orc:2)
  2 merfolk
  A jumping spider (shapeshifter) (D:13)
  A raiju (shapeshifter) (D:13)
  6 slime creatures
  A hippogriff (Lair:2)
  2 water elementals
  3 wraiths
  2 yaks (Lair:6)
  2 hungry ghosts
  A naga (Snake:4)
  A water moccasin (Lair:2)
  2 soldier ants (Lair:4)
  An ice beast (D:13)
  2 orc warriors (Orc:2)
  An ogre (Vaults:4)
  A bullfrog (Lair:2)
  An orc priest (Orc:2)
  A hound (D:13)
  9 worker ants (Lair:4)
  A leopard gecko (D:11)
  2 orcs
  A crawling corpse (Elf:3)
  A plant (Lair:6)
96 creatures vanquished.

Vanquished Creatures (others)
  A draconian scorcher (Zot:3)
  A merfolk aquamancer (Shoals:2)
  A deep troll earth mage (Vaults:3)
  A moth of wrath (Zot:5)
  An air elemental (Depths:3)
  A spriggan (Depths:3)
  2 yaks (D:11)
  An ogre (Vaults:4)
  71 bushes (Depths:1)
  A fire vortex (D:11)
  10 fulminant prisms
  59 fungi
  36 plants
  2 spectral weapons
  2 withered plants (D:15)
190 creatures vanquished.

Grand Total: 2704 creatures vanquished

Notes
Turn   | Place    | Note
-------+----------+-------------------------------------------
     0 | D:1      | komo4ek the Deep Dwarf Necromancer began the quest for the Orb.
     0 | D:1      | Reached XP level 1. HP: 15/15 MP: 3/3
   419 | D:1      | Reached XP level 2. HP: 14/24 MP: 0/4
   678 | D:1      | Learned a level 1 spell: Animate Skeleton
   989 | D:1      | Reached skill level 1 in Fighting
  1382 | D:1      | Reached XP level 3. HP: 17/31 MP: 4/6
  1387 | D:1      | Learned a level 3 spell: Vampiric Draining
  2008 | D:2      | Reached XP level 4. HP: 33/38 MP: 0/7
  2635 | D:2      | Reached skill level 5 in Necromancy
  3681 | D:3      | Reached XP level 5. HP: 3/45 MP: 0/9
  3682 | D:3      | HP: 1/45 [orc wizard/dagger (2)]
  5163 | D:3      | Reached XP level 6. HP: 43/55 MP: 3/10
  5262 | D:3      | Learned a level 4 spell: Animate Dead
  5939 | D:4      | Found a glowing drain.
  6400 | D:4      | Found an opulent altar of Gozag.
  7012 | D:5      | Entered Level 5 of the Dungeon
  7222 | D:6      | Noticed a sky beast
  7238 | D:6      | Killed a sky beast
  7238 | D:6      | Reached XP level 7. HP: 28/61 MP: 0/11
  7319 | D:6      | Got a dazzling spear
  7430 | D:6      | Identified the cursed +1 spear of Harmony {flame, rElec Int+2 Dex+5} (You found it on level 6 of the Dungeon)
  7444 | D:6      | Found a sand-covered staircase.
  7505 | D:6      | Noticed Amaterasu's ghost (novice DDFi)
  7703 | D:5      | Noticed Blork the orc
  7716 | D:5      | Killed Blork the orc
  8055 | D:5      | Found a runed door.
  8433 | D:5      | Found a staircase to the Ecumenical Temple.
  8441 | Temple   | Entered the Ecumenical Temple
  8474 | Temple   | Became a worshipper of Makhleb the Destroyer
  8580 | D:5      | Found a shimmering altar of Xom.
  8619 | D:5      | Reached XP level 8. HP: 28/68 MP: 2/13
  8733 | D:5      | Found a stormy altar of Qazlal.
  8737 | D:5      | Found a hide-covered altar of Uskayaw.
  8737 | D:5      | Found a shadowy altar of Dithmenos.
  8742 | D:5      | Reached skill level 1 in Armour
  9067 | D:5      | Noticed Crazy Yiuf
  9072 | D:5      | Killed Crazy Yiuf
  9653 | D:7      | Reached skill level 5 in Dodging
 10007 | D:6      | Reached * piety under Makhleb
 10346 | D:6      | Learned a level 5 spell: Borgnjor's Vile Clutch
 10900 | D:7      | Gained mutation: You passively map the area around you. [Deep Dwarf growth]
 10900 | D:7      | Reached XP level 9. HP: 52/78 MP: 6/15
 11457 | D:7      | Found a deep blue altar of Sif Muna.
 11467 | D:7      | Found a blossoming altar of Fedhas.
 11467 | D:7      | Found a glowing silver altar of Zin.
 11467 | D:7      | Found a glowing golden altar of the Shining One.
 11471 | D:7      | Found an ancient bone altar of Kikubaaqudgha.
 11472 | D:7      | Found a hazy altar of Hepliaklqana.
 11759 | D:7      | Reached skill level 1 in Invocations
 12186 | D:7      | Reached skill level 10 in Necromancy
 12592 | D:8      | Noticed Grum
 12602 | D:8      | Reached skill level 5 in Spellcasting
 12702 | D:7      | Reached ** piety under Makhleb
 13156 | D:8      | Reached skill level 5 in Fighting
 13263 | D:8      | Reached skill level 5 in Armour
 13482 | D:8      | Reached XP level 10. HP: 58/88 MP: 4/17
 14002 | D:8      | Killed Grum
 14149 | D:8      | Noticed Pikel
 14189 | D:7      | Killed Pikel
 14456 | D:9      | Found a staircase to the Orcish Mines.
 14693 | D:9      | Reached skill level 5 in Invocations
 14916 | D:9      | Reached *** piety under Makhleb
 16017 | D:9      | Found a staircase to the Lair.
 16147 | D:10     | Entered Level 10 of the Dungeon
 16250 | D:10     | Noticed Gastronok
 16564 | D:11     | Noticed a manticore
 16719 | D:11     | Noticed a red ugly thing
 16738 | D:11     | Killed a red ugly thing
 16738 | D:11     | Reached XP level 11. HP: 70/97 MP: 4/19
 17230 | D:11     | Reached **** piety under Makhleb
 18020 | D:11     | Noticed a soul eater
 18466 | D:10     | Found a blossoming altar of Fedhas.
 18612 | D:10     | Noticed an unseen horror
 18623 | D:10     | Killed an unseen horror
 19252 | D:10     | Noticed a two-headed ogre
 19553 | D:10     | Got a coiled granite ring
 19572 | D:10     | Identified the ring of Uruvumompe {+Fly rF- MR+ Str+3 Dex+5} (You took it off an orc on level 10 of the Dungeon)
 19749 | D:10     | Killed a two-headed ogre
 21018 | D:12     | Noticed a centaur warrior
 21031 | D:12     | Killed a centaur warrior
 21031 | D:12     | Reached skill level 5 in Earth Magic
 21235 | D:12     | Noticed ScottishVillain's ghost (journeyman DsWn)
 21629 | Lair:1   | Entered Level 1 of the Lair of Beasts
 22100 | Lair:1   | Got a dazzling longbow
 22109 | Lair:1   | Identified the +5 longbow "Addiguvoif" {venom, MP+9 Stlth+} (You found it on level 1 of the Lair of Beasts)
 22865 | Lair:2   | Found a staircase to the Shoals.
 23026 | Lair:2   | Reached XP level 12. HP: 105/105 MP: 12/22
 23175 | Lair:2   | Found a staircase to the Snake Pit.
 23491 | Lair:2   | Reached ***** piety under Makhleb
 23551 | Lair:2   | Noticed a six-headed hydra
 23559 | Lair:2   | Killed a six-headed hydra
 24268 | Lair:3   | Reached skill level 10 in Spellcasting
 25120 | Lair:4   | Noticed a five-headed hydra
 25133 | Lair:4   | Killed a five-headed hydra
 25376 | Lair:4   | Noticed a queen ant
 25377 | Lair:4   | Noticed an entropy weaver
 25401 | Lair:4   | Noticed an entropy weaver
 25565 | Lair:4   | Noticed a death yak
 25806 | Lair:4   | Killed an entropy weaver
 25813 | Lair:4   | Killed a queen ant
 25911 | Lair:4   | Reached XP level 13. HP: 83/111 MP: 7/27
 26051 | Lair:4   | Killed an entropy weaver
 27702 | Lair:6   | Entered Level 6 of the Lair of Beasts
 27809 | Lair:6   | Found a staircase to the Slime Pits.
 28253 | Lair:6   | Found a frozen archway.
 28268 | IceCv    | Entered an ice cave
 28272 | IceCv    | Reached ****** piety under Makhleb
 28900 | Lair:6   | Gained mutation: You resist negative energy. (rN+) [Deep Dwarf growth]
 28900 | Lair:6   | Reached XP level 14. HP: 120/120 MP: 19/31
 29563 | Lair:6   | Identified a scroll of acquirement
 29570 | Lair:6   | Got a pair of transparent boots
 29583 | Lair:6   | Identified the +0 pair of boots of Spite {rPois} (You acquired it on level 6 of the Lair of Beasts)
 29985 | Orc:1    | Entered Level 1 of the Orcish Mines
 30186 | Orc:2    | Entered Level 2 of the Orcish Mines
 30286 | Orc:2    | Found a staircase to the Elven Halls.
 30312 | Orc:2    | Noticed Erolcha
 30317 | Orc:2    | Killed Erolcha
 30317 | Orc:2    | Reached skill level 15 in Spellcasting
 30487 | Orc:2    | Noticed an orc warlord
 30530 | Orc:2    | Killed an orc warlord
 30821 | Orc:2    | Noticed Bazinga's ghost (journeyman DEFE)
 30830 | Orc:2    | Killed Bazinga's ghost
 31271 | Orc:2    | Noticed an orc warlord
 31434 | Orc:2    | Killed an orc warlord
 32197 | Orc:2    | Found Ziecefue's General Store.
 32198 | Orc:2    | Found Gifechud's Jewellery Shoppe.
 32201 | Orc:2    | Found Wuokkaon's Antique Armour Shoppe.
 32201 | Orc:2    | Found Niurgh's Antique Weapon Emporium.
 32455 | Orc:2    | Bought the -2 hat of the Alchemist {rElec rPois rF+ rC+ rN+ MR+ rMut rCorr} for 519 gold pieces
 32455 | Orc:2    | Found the -2 hat of the Alchemist {rElec rPois rF+ rC+ rN+ MR+ rMut rCorr}
 32456 | Orc:2    | Bought the ring "Nupleb" {rCorr rElec rF+++ Str-5 Dex-3} for 835 gold pieces
 32501 | Orc:2    | Bought a distressingly furry robe for 182 gold pieces
 32501 | Orc:2    | Bought a shadowed robe for 182 gold pieces
 32519 | Orc:2    | Identified the +1 robe of Monotheism {+Fly rPois MP+9 Stlth+} (You bought it in a shop on level 2 of the Orcish Mines)
 32529 | Orc:2    | Identified the +2 robe of Reodoin {Str+2 Stlth+} (You bought it in a shop on level 2 of the Orcish Mines)
 33195 | Orc:2    | Bought an iridescent spear for 296 gold pieces
 33195 | Orc:2    | Identified the cursed +3 spear of Ile Iwim {freeze, rC+ Int+2} (You bought it in a shop on level 2 of the Orcish Mines)
 33371 | D:10     | Killed Gastronok
 33795 | D:11     | Learned a level 4 spell: Fulminant Prism
 33798 | D:11     | Learned a level 2 spell: Blink
 34322 | D:13     | Found a gate to the Vaults.
 34331 | D:13     | Reached XP level 15. HP: 126/126 MP: 31/33
 34362 | D:13     | Noticed Rupert
 34371 | D:13     | Killed Rupert
 34645 | D:13     | Noticed Frances
 34655 | D:13     | Killed Frances
 35290 | D:14     | Reached skill level 10 in Dodging
 35331 | D:14     | Found a transporter.
 35341 | D:14     | Found a transporter.
 36110 | D:14     | Reached skill level 10 in Invocations
 36369 | D:15     | Entered Level 15 of the Dungeon
 36737 | D:15     | Noticed Roxanne
 36847 | D:15     | Reached skill level 1 in Conjurations
 37386 | D:15     | Found a basalt altar of Yredelemnul.
 37685 | D:15     | Found a staircase to the Depths.
 38442 | D:15     | Killed Roxanne
 38443 | D:15     | Identified Roxanne's Disquisition on Stones (You took it off Roxanne on level 15 of the Dungeon)
 38455 | D:15     | Learned a level 4 spell: Petrify
 38504 | Depths:1 | Entered Level 1 of the Depths
 38881 | Shoals:1 | Entered Level 1 of the Shoals
 38892 | Shoals:1 | HP: 5/126 [merfolk/trident (13)]
 39736 | Shoals:1 | Reached XP level 16. HP: 108/134 MP: 33/33
 42468 | Shoals:3 | Got a crude robe
 42479 | Shoals:3 | Identified the +1 robe of Ymmiodabue {Dex+4} (You found it on level 3 of the Shoals)
 43154 | Shoals:4 | Entered Level 4 of the Shoals
 43463 | Shoals:4 | Reached skill level 10 in Armour
 43579 | Shoals:4 | Noticed Jorgrun
 43588 | Shoals:4 | Killed Jorgrun
 43945 | Shoals:4 | Identified the Volume of Weightlessness
 44646 | Shoals:4 | Reached XP level 17. HP: 142/142 MP: 18/34
 44696 | Shoals:4 | Noticed Ilsuiw
 44727 | Shoals:4 | Killed Ilsuiw
 45597 | Shoals:4 | Got a barnacled rune of Zot
 45750 | Snake:1  | Entered Level 1 of the Snake Pit
 46000 | Snake:1  | Learned a level 6 spell: Death Channel
 46662 | Snake:1  | Found Uskuosog's Distillery.
 46662 | Snake:1  | Found Tetoho Cais's Book Emporium.
 46663 | Snake:1  | Found Fuerin's Weapon Emporium.
 46665 | Snake:1  | Found Rutic's Distillery.
 47089 | Snake:1  | Bought a potion of curing for 57 gold pieces
 47089 | Snake:1  | Bought a potion of brilliance for 76 gold pieces
 47089 | Snake:1  | Bought a potion of curing for 57 gold pieces
 47089 | Snake:1  | Bought a potion of curing for 57 gold pieces
 47297 | Snake:2  | Noticed Azrael
 47701 | Snake:2  | Noticed Nikola
 47713 | Snake:2  | Killed Nikola
 47858 | Snake:2  | Reached skill level 5 in Conjurations
 47981 | Snake:2  | Killed Azrael
 48189 | Snake:2  | Noticed Vashnia
 48687 | Elf:1    | Entered Level 1 of the Elven Halls
 49332 | Snake:2  | Learned a level 5 spell: Bolt of Magma
 49820 | Snake:3  | Found Masumy's General Store.
 49847 | Snake:3  | Gained mutation: You passively map a large area around you. [Deep Dwarf growth]
 49847 | Snake:3  | Reached XP level 18. HP: 146/154 MP: 31/32
 50676 | Snake:3  | Reached skill level 10 in Earth Magic
 51125 | Snake:4  | Entered Level 4 of the Snake Pit
 51125 | Snake:4  | Noticed Donald
 51131 | Snake:4  | Killed Donald
 51639 | Snake:4  | Noticed p0werm0de's ghost (adept DsWz)
 51800 | Snake:4  | Noticed Asterion
 51811 | Snake:4  | Killed Asterion
 52366 | Snake:4  | Noticed Saint Roka
 52400 | Snake:4  | Killed Saint Roka
 53675 | Snake:4  | Got a serpentine rune of Zot
 53815 | Snake:4  | Reached XP level 19. HP: 138/165 MP: 25/33
 54088 | Snake:1  | Bought the +10 quarterstaff of the Sybil {crush, rPois Str-5 Int+6 Stlth+} for 937 gold pieces
 54790 | Elf:1    | Learned a level 4 spell: Olgreb's Toxic Radiance
 54957 | Elf:1    | Reached skill level 1 in Poison Magic
 56740 | Elf:2    | Found a runed gate.
 56740 | Elf:2    | Found a runed gate.
 56748 | Elf:2    | Found a runed gate.
 56817 | Elf:3    | Entered Level 3 of the Elven Halls
 56952 | Elf:3    | Learned a level 5 spell: Irradiate
 56959 | Elf:3    | Learned a level 6 spell: Simulacrum
 57799 | Elf:3    | Reached skill level 15 in Necromancy
 58431 | Elf:3    | Got a polished morningstar {crush}
 58553 | Elf:3    | Identified the cursed +0 morningstar "Killer Bee's Regret" {crush, Str+5} (You took it off a deep elf elementalist on level 3 of the Elven Halls)
 58666 | Elf:3    | Noticed a Tzitzimitl
 58928 | Elf:3    | Reached skill level 10 in Fighting
 59074 | Elf:3    | Reached XP level 20. HP: 152/176 MP: 33/35
 59128 | Elf:3    | Got a shimmering hand crossbow
 59156 | Elf:3    | Identified the Almanac of Ensnaring Companions
 59170 | Elf:3    | Identified the +9 hand crossbow "Globulus" {elec, *Corrode rC+ rN+ SInv} (You found it on level 3 of the Elven Halls)
 60776 | Vaults:1 | Entered Level 1 of the Vaults
 60930 | Vaults:1 | Reached skill level 15 in Invocations
 61793 | Vaults:1 | Got a crude ring mail
 61826 | Vaults:1 | Identified the +1 ring mail "Node" {+Inv Dex-2 Slay+5 SInv} (You found it on level 1 of the Vaults)
 62762 | Vaults:1 | HP: 5/178 [slime creature (13)]
 63580 | Vaults:1 | Got a translucent turquoise ring
 63855 | Vaults:2 | Found Ydait's Jewellery Boutique.
 63863 | Vaults:2 | Bought the ring "Kiruh" {*Contam rC+ rN+ SInv Stlth-} for 315 gold pieces
 63865 | Vaults:2 | Identified the ring of Ytoworgh {rElec rC+ Int-5 Stlth-} (You took it off a vault guard on level 1 of the Vaults)
 63973 | Vaults:2 | Found a portal to a secret trove of treasure.
 66220 | Vaults:3 | Noticed Bai Suzhen
 66240 | Vaults:3 | Killed Bai Suzhen
 66418 | Vaults:3 | Reached XP level 21. HP: 119/187 MP: 35/35
 67047 | Vaults:3 | Reached skill level 10 in Conjurations
 67062 | Vaults:3 | Noticed Jory
 67081 | Vaults:3 | Reached skill level 15 in Dodging
 67127 | Vaults:3 | Killed Jory
 67851 | Vaults:3 | Found Gozag's Antique Weapon Shop.
 67984 | Vaults:3 | Found Gozag's Antique Weapon Boutique.
 67987 | Vaults:3 | Found an opulent altar of Gozag.
 67998 | Vaults:3 | Found Gozag's Assorted Antiques.
 68550 | Vaults:3 | Found a staircase to the Crypt.
 68550 | Vaults:3 | Found a basalt altar of Yredelemnul.
 68551 | Vaults:3 | Found an ancient bone altar of Kikubaaqudgha.
 68879 | Vaults:4 | Noticed Mara
 69264 | Vaults:4 | Banished Mara
 69264 | Vaults:4 | Reached skill level 15 in Earth Magic
 69899 | Vaults:4 | Reached skill level 15 in Armour
 71199 | Vaults:4 | Learned a level 3 spell: Ignite Poison
 71292 | Vaults:4 | Reached XP level 22. HP: 196/199 MP: 36/36
 71696 | Vaults:5 | Entered Level 5 of the Vaults
 73986 | Vaults:5 | Got an uncursed smoking trident {freeze}
 73990 | Vaults:5 | Identified the +3 trident "Impbane" {freeze, *Slow Int+2 Dex+3} (You took it off a vault sentinel on level 5 of the Vaults)
 74729 | Vaults:5 | Got a smoking quarterstaff {freeze}
 74740 | Vaults:5 | Identified the +9 quarterstaff "Taryf" {freeze, rN++} (You took it off a hell knight on level 5 of the Vaults)
 74980 | Vaults:5 | Reached XP level 23. HP: 183/210 MP: 35/37
 75416 | Vaults:5 | Learned a level 4 spell: Passage of Golubria
 75426 | Vaults:5 | Found Othreheip's Gadget Shop.
 75706 | Vaults:5 | Found Reigairo's Magic Scroll Shoppe.
 75713 | Vaults:5 | Bought a scroll of teleportation for 48 gold pieces
 75713 | Vaults:5 | Bought a scroll of blinking for 120 gold pieces
 75721 | Vaults:5 | Got a silver rune of Zot
 75841 | Vaults:5 | Found Keusocal's Distillery.
 75845 | Vaults:5 | Bought a potion of mutation for 96 gold pieces
 75845 | Vaults:5 | Bought a potion of heal wounds for 60 gold pieces
 75845 | Vaults:5 | Bought a potion of curing for 36 gold pieces
 75845 | Vaults:5 | Bought a potion of heal wounds for 60 gold pieces
 75845 | Vaults:5 | Bought a potion of curing for 36 gold pieces
 75849 | Vaults:5 | Found Usuij's Magic Scroll Shop.
 75853 | Vaults:5 | Bought a scroll of teleportation for 60 gold pieces
 75853 | Vaults:5 | Bought a scroll of acquirement for 1040 gold pieces
 75862 | Vaults:5 | Got a faintly humming hat
 75876 | Vaults:5 | Identified the +2 hat of the Albatross {Str-5 Int+6} (You acquired it on level 5 of the Vaults)
 76162 | Depths:1 | Reached skill level 1 in Translocations
 76476 | Depths:1 | Found a gateway to Hell.
 76783 | Depths:1 | Noticed Sojobo
 76799 | Depths:1 | Killed Sojobo
 76921 | Depths:1 | Noticed Aizul
 76927 | Depths:1 | Killed Aizul
 77194 | Depths:1 | Found a one-way gate leading to the halls of Pandemonium.
 77811 | Depths:1 | Found a one-way gate to the infinite horrors of the Abyss.
 79685 | Depths:2 | Found a shadowy altar of Dithmenos.
 79856 | Depths:2 | Got bloodstained shadow dragon scales
 79867 | Depths:2 | Identified the +1 shadow dragon scales of Raung {Regen+ MP-9 Int+4 Stlth++++} (You found it on level 2 of the Depths)
 80665 | Depths:3 | Reached XP level 24. HP: 142/222 MP: 17/37
 81433 | Depths:3 | Got a brightly glowing pewter ring
 81466 | Depths:3 | Noticed the Enchantress
 82173 | Depths:3 | Killed the Enchantress
 82232 | Depths:3 | Identified the ring of Dutoleni {EV+1 Int+6} (You took it off a frost giant on level 3 of the Depths)
 82249 | Depths:3 | Got faerie dragon scales
 82250 | Depths:3 | Identified the +6 faerie dragon scales {rF- MR+ rCorr Int+3 Dex+2} (You took it off the Enchantress on level 3 of the Depths)
 82334 | Depths:3 | Found a runed door.
 82345 | Depths:3 | Got a heavily runed ivory ring
 82355 | Depths:3 | Got a wavering tin amulet
 82442 | Depths:3 | Learned a level 3 spell: Spectral Weapon
 82868 | Depths:3 | Identified the ring "Dokk" {rF+ Dex+3} (You took it off a spriggan berserker on level 3 of the Depths)
 82869 | Depths:3 | Identified the amulet "Jiligeo" {+Rage MR+ Str+3} (You took it off a tengu conjurer on level 3 of the Depths)
 83383 | Depths:4 | Found Ikkul's Jewellery Emporium.
 83567 | Depths:4 | Noticed Louise
 83578 | Depths:4 | Killed Louise
 84173 | Depths:4 | Reached skill level 15 in Fighting
 84207 | Depths:4 | Noticed a juggernaut
 84459 | Depths:4 | Killed a juggernaut
 85038 | Depths:5 | Entered Level 5 of the Depths
 85042 | Depths:5 | Reached XP level 25. HP: 172/232 MP: 32/38
 86002 | Depths:5 | Found a gateway to a ziggurat.
 86294 | Depths:5 | Noticed a juggernaut
 86323 | Depths:5 | Killed a juggernaut
 87049 | Depths:5 | Found a gate to the Realm of Zot.
 87254 | Zot:1    | Entered Level 1 of the Realm of Zot
 87839 | Zot:1    | Got a pair of crude boots
 87851 | Zot:1    | Identified the cursed +0 pair of boots "Tukimm" {-Tele rElec rC+} (You found it on level 1 of the Realm of Zot)
 88077 | Zot:1    | Reached skill level 15 in Conjurations
 89472 | Zot:2    | Reached XP level 26. HP: 241/241 MP: 1/39
 92072 | Zot:4    | Got a faintly humming robe
 92103 | Zot:4    | Identified the +2 robe "Huteh" {Str+2 SInv} (You found it on level 4 of the Realm of Zot)
 93670 | Zot:5    | Entered Level 5 of the Realm of Zot
 94029 | Zot:5    | Slain by an Orb Guardian

Skill      XL: |  1  2  3  4  5  6  7  8  9 10 11 12 13 14 15 16 17 18 19 20 21 22 23 24 25 26 |
---------------+-------------------------------------------------------------------------------+-----
Spellcasting   | 2 3 4 5 6 7 11 14 15 16 17 18 19 20 | 20.5
Fighting       | 1 2 3 5 6 8 9 10 11 12 13 14 15 16 | 16.9
Dodging        | 3 4 5 6 8 9 10 11 12 13 14 15 16 17 18 19 20 | 20.5
Necromancy     | 5 7 9 10 13 14 15 | 15.0
Armour         | 3 5 6 8 9 10 11 12 13 14 15 16 17 18 19 20 | 20.2
Invocations    | 4 6 9 10 11 12 13 14 15 | 15.0
Earth Magic    | 5 6 7 9 11 12 14 15 | 15.5
Conjurations   | 2 3 5 7 8 9 11 12 13 14 15 16 | 16.1
Poison Magic   | 4 |  4.0
Translocations | 4 |  4.0
Stealth        | |  2.4

Action                   |  1- 3 |  4- 6 |  7- 9 | 10-12 | 13-15 | 16-18 | 19-21 | 22-24 | 25-27 || total
-------------------------+-------+-------+-------+-------+-------+-------+-------+-------+-------++-------
Melee: Unarmed           |     9 |       |       |       |       |       |       |       |       ||     9
       Short sword       |     6 |       |       |       |       |       |       |       |       ||     6
       Dagger            |    18 |   241 |       |       |       |       |       |       |       ||   259
       Spear             |       |       |   570 |   753 |    37 |    11 |       |       |       ||  1371
       Quarterstaff      |       |       |       |       |       |       |     3 |       |       ||     3
       Staff             |       |       |       |       |       |       |     8 |    21 |    16 ||    45
 Fire: Longbow           |       |       |       |       |    58 |       |       |       |       ||    58
 Cast: Pain              |    40 |     6 |    80 |   198 |     7 |   143 |    13 |     4 |     1 ||   492
       Animate Skeleton  |     1 |     3 |       |       |       |       |       |       |       ||     4
       Vampiric Draining |     9 |    75 |   119 |   235 |   215 |    83 |    19 |       |       ||   755
       Animate Dead      |       |       |     1 |       |       |    20 |    12 |     9 |     1 ||    43
       Borgnjor's Vile C |       |       |       |    11 |   221 |   419 |   442 |   472 |   335 ||  1900
       Blink             |       |       |       |       |     1 |     4 |     1 |       |     2 ||     8
       Petrify           |       |       |       |       |       |     4 |       |       |       ||     4
       Fulminant Prism   |       |       |       |       |       |    10 |       |       |       ||    10
       Bolt of Magma     |       |       |       |       |       |     9 |    79 |   131 |    50 ||   269
       Death Channel     |       |       |       |       |       |     5 |       |       |       ||     5
       Olgreb's Toxic Ra |       |       |       |       |       |       |    21 |    18 |     5 ||    44
       Ignite Poison     |       |       |       |       |       |       |       |    23 |     9 ||    32
       Spectral Weapon   |       |       |       |       |       |       |       |     2 |     1 ||     3
Invok: Minor Destruction |       |       |       |   243 |   679 |   492 |   416 |   586 |   424 ||  2840
       Lesser Servant of |       |       |       |     3 |    20 |     9 |     4 |     2 |     1 ||    39
       Major Destruction |       |       |       |     1 |       |       |       |       |       ||     1
       Greater Servant o |       |       |       |       |     5 |     2 |     3 |     3 |     2 ||    15
 Abil: Heal Wounds       |       |     1 |       |     2 |     3 |    11 |     1 |     2 |     6 ||    26
Evoke: Wand              |       |       |     6 |    40 |       |     4 |     5 |       |       ||    55
       Phantom mirror    |       |       |       |       |       |       |     1 |       |       ||     1
  Use: Scroll            |       |     4 |     4 |     9 |    15 |     7 |    16 |    11 |    10 ||    76
       Potion            |       |       |     5 |     2 |     2 |     7 |     8 |     7 |     3 ||    34
 Stab: Sleeping          |     1 |       |     2 |     1 |       |       |       |       |       ||     4
       Distracted        |       |       |     1 |     2 |     1 |       |       |       |       ||     4
       Paralysed         |       |       |     3 |    21 |       |       |       |       |       ||    24
  Eat: Chunk             |     5 |    19 |    20 |    25 |    27 |     5 |    16 |    31 |     2 ||   150
       Ration            |       |     2 |     3 |     6 |    10 |    12 |    13 |     1 |    10 ||    57
Armor: Robe              |     6 |    49 |   142 |   299 |    71 |    88 |    63 |    94 |    82 ||   894
       Skin              |       |       |    79 |       |       |       |       |       |       ||    79
Dodge: Dodged            |    30 |   207 |   505 |  1232 |   440 |   459 |   305 |   442 |   357 ||  3977
